 Dungeon Crawl Stone Soup version 0.28-a0-909-g796cbd3a86 (webtiles) character file.

Game seed: 17949135747160837398

72 Majang the Sneak (level 4, -2/37 HPs)
             Began as a Human Delver on Nov 25, 2021.
             Slain by a centaur (6 damage)
             ... on level 5 of the Dungeon.
             The game lasted 00:02:55 (529 turns).

Majang the Sneak (Human Delver)                      Turns: 529, Time: 00:02:56

Health: -2/37      AC:  4    Str: 14    XL:     4   Next: 48%
Magic:  4/4        EV: 12    Int: 10    God:
Gold:   15         SH:  0    Dex: 14    Spells: 3/3 levels left

rFire   . . .      SeeInvis .   a - +0 hand axe
rCold   . . .      Faith    .   (no shield)
rNeg    . . .      Spirit   .   b - +0 leather armour
rPois   .          Reflect  .   (no helmet)
rElec   .          Harm     .   (no cloak)
rCorr   .          Rampage  .   (no gloves)
Will    .....                   i - +0 pair of boots
Stlth   +++.......              (no amulet)
HPRegen 0.12/turn               (no ring)
MPRegen 0.09/turn               (no ring)

@: no status effects
A: no striking features
a: no special abilities


You were on level 5 of the Dungeon.
You visited 1 branch of the dungeon, and saw 1 of its levels.

You collected 15 gold pieces.

Inventory:

Hand Weapons
 a - a +0 hand axe (weapon)
Armour
 b - a +0 leather armour (worn)
 i - a +0 pair of boots (worn)
Wands
 g - a wand of digging (3)
Potions
 f - a potion of haste
 h - a potion of curing


   Skills:
 + Level 3.7 Fighting
 * Level 3.7 Axes
 - Level 2.0 Dodging
 - Level 5.0 Stealth


You had 3 spell levels left.
You didn't know any spells.
Your spell library was empty.

Dungeon Overview and Level Annotations

Branches:
Dungeon (5/15)             Temple (0/1) D:5

Altars:


Message History

As you read the scroll of fear, it crumbles to dust.
You assume a fearsome visage.
The hound looks frightened! x2
Cornered, the hound turns to fight!
You hit the hound but do no damage. The hound bites you.
* * * LOW HITPOINT WARNING * * *
The hound bites you but does no damage.
Unknown command.
As you read the scroll of magic mapping, it crumbles to dust.
You feel aware of your surroundings.
You sensed 1 shop/portal.
The hound bites you but does no damage. The hound bites you.
* * * LOW HITPOINT WARNING * * *
The hound bites you.
* * * LOW HITPOINT WARNING * * *
The hound stops to sniff the ground.
The hound bites you.
* * * LOW HITPOINT WARNING * * *
The centaur barely misses you.
The centaur kicks you but does no damage.
It was a potion of curing.
You feel better. The hound bites you. The centaur closely misses you.
The centaur barely misses you. The hound closely misses you.
You hit the hound.
The hound is lightly wounded.
You hit the centaur. You hit the hound.
Your attack snaps the hound out of its fear.
The hound misses you.
The centaur hits you but does no damage.
The centaur kicks you but does no damage.
The hound bites you.
* * * LOW HITPOINT WARNING * * *
The hound bites you.
* * * LOW HITPOINT WARNING * * *
The centaur hits you.
* * * LOW HITPOINT WARNING * * *
The centaur barely misses you. The hound barely misses you.
You barely miss the hound.
The hound is lightly wounded.
You hit the centaur. You closely miss the hound. The hound closely misses you.
The centaur hits you.
You die...

,**#.,,,*,* #.,,,,,..####
,,,'....*,* #............
***#...,*,* #............
,,,....,*,* #............
*###..,,,,###########............
,,....,,,,....§§.........,.......
####.#########§§§.....#####.#....
.......o.och§o§h§.....'..........
####.#########oh@.....#####.###.#
#.# #§c§.....# #.###,* #c#
#...§....# #...#,* #.# #.§.§....#
###.#,* #.# #§§......# #.#,* #o#
#........# #.#,* ####.#
#........# #.#,* .....#
########## #.#,, [....#**********
#.#**


You could see a centaur, 2 hounds, an orc priest and an orc.

Vanquished Creatures
  A hound (D:5)
  A centaur skeleton (D:5)
  2 white imps (D:5)
4 creatures vanquished.

Notes
Turn   | Place    | Note
-------+----------+-------------------------------------------
     0 | D:5      | Majang the Human Delver began the quest for the Orb.
     0 | D:5      | Reached XP level 1. HP: 18/18 MP: 1/1
    32 | D:5      | Reached XP level 2. HP: 9/24 MP: 2/2
    32 | D:5      | Reached XP level 3. HP: 11/29 MP: 3/3
   452 | D:5      | Reached XP level 4. HP: 36/37 MP: 4/4
   499 | D:5      | Noticed a centaur
   529 | D:5      | Slain by a centaur

Illustrated notes

Levels and vault maps discovered:
D:5:      layout_basic, minmay_temple_entry_hall, gup_sewer_entry_spiral,
          uniq_ijyb, uniq_duvessa

Skill      XL: |  1 |
---------------+----+-----
Axes           | 3 |  3.7
Fighting       | |  3.7
Dodging        | |  2.0
Stealth        | |  5.0

Action                   |  1- 3 |  4- 6 || total
-------------------------+-------+-------++-------
Melee: Hand axe          |    26 |     5 ||    31
  Use: Scroll            |       |     3 ||     3
       Potion            |       |     1 ||     1
Armor: Leather armour    |     9 |     7 ||    16
Dodge: Dodged            |    27 |    14 ||    41

Table legend: (Time is in decaauts)
 A = Elapsed time spent in this place.
 B = Non-inter-level travel time spent in this place.
 C = Inter-level travel time spent in this place.
 D = Time resting spent in this place.
 E = Time spent auto-exploring this place.
 F = Levels seen in this place.
 G = Mean time per level.
                   A        B        C        D        E       F      G
               +--------+--------+--------+--------+--------+-----+--------+
         Total |    533 |    533 |      0 |    336 |      0 |   1 |  533.0 |
       Dungeon |    533 |    533 |      0 |    336 |      0 |   1 |  533.0 |
               +--------+--------+--------+--------+--------+-----+--------+

Top non-repeatable levels by time:
     D:5: 533 daAuts
